AoeStats
← dr Kurwa mać i do przodu

African Clearing

510532195Analyzed
4v4 RM · 2d ago on Oct 1, 2026· 51m 19s· 8 players
Game mode
Random Map
Map size
Large (8 player)
Population
200
Speed
Normal
Resources
Standard
Victory
Conquest
Starting age
Dark Age
Ending age
Imperial Age
RankedLock teamsTeams togetherTeam positionsShared explorationLock speedFull tech treeHidden civsTurbo modeCheats
Victory
Defeat
🇹🇼 Franks · Taiwan
1080
+16
🇨🇳 Varangians · China
1070
+16
🇨🇳 Hindustanis · China
1067
+16
🇹🇼 Spanish · Taiwan
1040
+19
🇹🇼 Danes · Taiwan
1096
-17
🇬🇷 Huns · Greece
1078
-17
1069
-16
🇬🇷 Goths · Greece
1031
-15
渣渣灰
16:50 Loom
18:36 Feudal Age
23:39 Wheelbarrow
27:41 Castle Age
25:59 Double-Bit Axe
37:43 Horse Collar
44:37 Caravan
45:11 Stone Mining
46:28 Heavy Plow
46:42 Bow Saw
46:25 Gold Mining
47:11 Stone Shaft Mining
47:09 Grand Trunk Road
48:05 Gold Shaft Mining
51:08 Imperial Age
49:53 Forging
49:49 Scale Barding Armor
50:44 Wheelbarrow
51:33 Iron Casting
ken.lh.chang8839
15:02 Feudal Age
13:20 Loom
15:06 Feudal Age
18:16 Double-Bit Axe
23:27 Castle Age
23:44 Double-Bit Axe
27:05 Bow Saw
32:59 Forging
36:14 Gold Mining
41:37 Imperial Age
40:21 Iron Casting
39:59 Scale Barding Armor
40:05 Murder Holes
41:52 Wheelbarrow
41:47 Husbandry
41:49 Cavalier
43:10 Hand Cart
43:18 Chain Barding Armor
43:45 Ballistics
44:55 Plate Barding Armor
46:50 Paladin
50:43 Blast Furnace
rayxup6cool
10:08 Loom
12:34 Feudal Age
13:10 Double-Bit Axe
16:08 Fletching
21:17 Wheelbarrow
22:14 Horse Collar
26:44 Castle Age
25:23 Padded Archer Armor
28:51 Bow Saw
32:55 Hand Cart
32:28 Town Watch
34:18 Gold Mining
34:18 Stone Mining
34:33 Heavy Plow
35:29 Scale Barding Armor
35:35 Forging
40:15 Imperial Age
39:15 Chain Barding Armor
39:31 Iron Casting
39:48 Bloodlines
39:38 Husbandry
41:37 Stone Shaft Mining
40:25 Cavalier
41:42 Plate Barding Armor
41:31 Conscription
43:13 Blast Furnace
43:07 Town Patrol
42:35 Paladin
51:41 Town Patrol
KISSSHOT
14:13 Feudal Age
13:19 Loom
14:53 Double-Bit Axe
17:45 Castle Age
17:32 Horse Collar
18:10 Scale Barding Armor
18:17 Bloodlines
19:53 Wheelbarrow
23:41 Hand Cart
24:53 Chain Barding Armor
26:11 Forging
28:02 Husbandry
29:10 Iron Casting
29:46 Town Watch
30:06 Gold Mining
30:27 Fishing Lines
33:08 Bow Saw
37:46 Imperial Age
35:53 Heavy Plow
37:53 Cavalier
39:13 Plate Barding Armor
39:07 Vendel Legacy
42:32 Blast Furnace
41:37 Stone Mining
43:44 Conscription
43:30 Town Patrol
44:48 Stone Shaft Mining
46:38 Two-Man Saw
46:13 Crop Rotation
47:41 Elite Jarl
PANEZ
8:21 Loom
17:09 Feudal Age
24:18 Castle Age
22:40 Horse Collar
22:50 Double-Bit Axe
24:30 Gold Mining
24:32 Stone Mining
25:23 Forging
25:59 Heavy Plow
26:05 Squires
27:55 Pikeman
33:08 Bow Saw
36:51 Iron Casting
36:16 Scale Mail Armor
39:04 Wheelbarrow
42:20 Imperial Age
40:08 Hand Cart
42:51 Halberdier
dr Kurwa mać i do przodu
7:04 Loom
14:49 Feudal Age
16:23 Double-Bit Axe
18:39 Castle Age
16:51 Fletching
18:10 Padded Archer Armor
18:23 Gold Mining
26:26 Bodkin Arrow
32:40 Bow Saw
34:02 Wheelbarrow
35:30 Hand Cart
38:31 Ballistics
38:36 Leather Archer Armor
40:27 Town Watch
42:26 Pikeman
Tsimentopoulos
9:46 Loom
14:42 Feudal Age
18:42 Castle Age
16:48 Double-Bit Axe
17:57 Horse Collar
29:59 Heavy Plow
30:10 Bow Saw
30:50 Marauders
32:23 Husbandry
32:33 Bloodlines
32:36 Forging
32:32 Scale Barding Armor
35:49 Imperial Age
37:55 Padded Archer Armor
37:45 Fletching
38:34 Iron Casting
38:20 Cavalier
39:45 Chain Barding Armor
39:44 Fletching
40:56 Blast Furnace
43:45 Plate Barding Armor
44:14 Wheelbarrow
44:57 Paladin
kongdu
4:54 Loom
14:33 Feudal Age
20:40 Castle Age
23:05 Gambesons
Connection lost

Rejoining the realm…

Still unreachable

The connection could not be restored.

Session expired

The server has moved on; the page needs a fresh start.